 Dungeon Crawl Stone Soup version 0.20-a0-772-g73021bd (webtiles) character file.

203239 Kriby the Sorcerer (level 18, 0/102 HPs)
             Began as a Deep Elf Conjurer on Jan 26, 2017.
             Was the Champion of Vehumet.
             Hit by a poisoned javelin thrown by a merfolk javelineer (32 damage)
             ... on level 4 of the Shoals on Feb 27, 2017.
             The game lasted 02:26:45 (46027 turns).

Kriby the Sorcerer (Deep Elf Conjurer)             Turns: 46027, Time: 02:26:45

Health: 0/102      AC: 13    Str:  5    XL:     18   Next: 35%
Magic:  12/54      EV: 26    Int: 32    God:    Vehumet [******]
Gold:   1044       SH:  5    Dex: 17    Spells: 19/60 levels left

rFire    + . .     SeeInvis .   K - +6 morningstar (holy)
rCold    + . .     Gourm    .   r - +2 robe {rC+ rF+}
rNeg     . . .     Faith    .   O - +0 buckler
rPois    .         Spirit   .   d - +2 hat {Int+3}
rElec    .         Reflect  .   v - +1 cloak {+Inv}
rCorr    +         Harm     .   P - +2 pair of gloves {archery}
MR       +....                  U - +0 pair of boots (curse)
Stlth    ++........             p - amulet of regeneration
Regen    0.7/turn               b - ring of magical power
MPRegen  0.4/turn               R - ring of resist corrosion

@: very slightly contaminated
A: agile 1, screaming 1
a: Renounce Religion, Evoke Invisibility


You were on level 4 of the Shoals.
You worshipped Vehumet.
Vehumet was exalted by your worship.
You were not hungry.

You visited 6 branches of the dungeon, and saw 31 of its levels.

You collected 3076 gold pieces.
You spent 2032 gold pieces at shops.

Inventory:

Hand Weapons
 K - a +6 morningstar of holy wrath (weapon)
Armour
 d - a +2 hat of intelligence (worn)
 o - a +1 robe of magic resistance
 r - a +2 robe of resistance (worn)
 v - a +1 cloak of invisibility (worn)
 O - a +0 buckler (worn)
 P - a +2 pair of gloves of archery (worn)
 U - a cursed +0 pair of boots (worn)
Jewellery
 b - a ring of magical power (right hand)
 n - an uncursed ring of flight
 p - an amulet of regeneration (around neck)
 t - an uncursed ring of protection from magic
 A - an uncursed amulet of magic regeneration
 J - an uncursed ring of protection from magic
 R - a ring of resist corrosion (left hand)
Wands
 e - a wand of digging (3/24)
 j - a wand of digging (8/24)
 x - a wand of iceblast (0/15)
 B - a wand of scattershot (1/9)
 I - a wand of digging (8/24)
 V - a wand of clouds (2/9)
 Y - a wand of digging (8/24)
Scrolls
 a - 3 scrolls of enchant weapon
 g - 20 scrolls of remove curse
 h - 4 scrolls of enchant armour
 k - a scroll of blinking
 q - 5 scrolls of magic mapping
 w - 6 scrolls of identify
 C - 4 scrolls of fog
 D - 4 scrolls of teleportation
 E - 5 scrolls of amnesia
 H - 3 scrolls of recharging
 Z - a scroll of silence
Potions
 f - 10 potions of curing
 l - 6 potions of lignification
 m - 2 potions of ambrosia
 u - a potion of invisibility
 y - 2 potions of flight
 G - 3 potions of might
 M - a potion of resistance
 Q - a potion of cancellation
 X - a potion of haste
Books
 s - a book of Air

   Spells                             Type                      Level
   a - Shock                          Conjuration/Air              1
   b - Swiftness                      Charms/Air                   2
   c - Static Discharge               Conjuration/Air              3
   d - Airstrike                      Air                          4
   e - Lightning Bolt                 Conjuration/Air              5
 N - a book of Clouds

   Spells                             Type                      Level
   a - Poisonous Vapours              Poison/Air                   2
   b - Mephitic Cloud                 Conjuration/Poison/Air       3
   c - Conjure Flame                  Conjuration/Fire             3
   d - Freezing Cloud                 Conjuration/Ice/Air          6
   e - Ring of Flames                 Charms/Fire                  7
 T - a book of Party Tricks

   Spells                             Type                      Level
   a - Summon Butterflies             Summoning                    1
   b - Apportation                    Translocation                1
   c - Lesser Beckoning               Translocation                3
   d - Tukima's Dance                 Hexes                        3
   e - Alistair's Intoxication        Transmutation/Poison         5
   f - Invisibility                   Hexes                        6
 W - a book of Unlife

   Spells                             Type                      Level
   a - Recall                         Summoning/Translocation      3
   b - Animate Dead                   Necromancy                   4
   c - Control Undead                 Necromancy                   4
   d - Cigotuvi's Embrace             Necromancy                   5
   e - Death Channel                  Necromancy                   6
   f - Simulacrum                     Ice/Necromancy               6
Comestibles
 c - 12 bread rations
 i - 7 royal jellies
 z - 4 meat rations
 F - 40 fruits


   Skills:
 - Level 7.6 Fighting
 - Level 5.2 Armour
 - Level 17.3 Dodging
 - Level 2.5 Stealth
 - Level 4.3 Shields
 - Level 21.5 Spellcasting
 - Level 15.3 Conjurations
 - Level 8.0 Charms
 + Level 15.9 Fire Magic
 - Level 9.2 Poison Magic


You had 19 spell levels left.
You knew the following spells:

 Your Spells              Type           Power        Failure   Level  Hunger
a - Magic Dart            Conj           ####         0%          1    None
b - Searing Ray           Conj           ######       0%          2    None
c - Iskenderun's Mystic   Conj           #######.     1%          4    None
d - Iskenderun's Battles  Conj/Chrm      #######.     1%          5    None
e - Olgreb's Toxic Radia  Pois           #######.     1%          4    None
f - Poison Arrow          Conj/Pois      #######...   1%          6    None
g - Iron Shot             Conj/Erth      ######....   2%          6    None
h - Fire Storm            Conj/Fire      #######...   45%         9    ######.
R - Swiftness             Chrm/Air       ######..     1%          2    None
T - Blink                 Tloc           N/A          1%          2    None


Dungeon Overview and Level Annotations

Branches:
Dungeon (14/15)            Temple (1/1) D:4            Lair (6/6) D:8
 Shoals (4/4) Lair:3       Spider (4/4) Lair:2        Slime (0/5) Lair:5
    Orc (2/2) D:9             Elf (0/3) Orc:2        Vaults (0/5) D:14

Altars:
Ashenzari
Cheibriados
Dithmenos
Elyvilon
Fedhas
Gozag
Hepliaklqana
Kikubaaqudgha
Makhleb
Nemelex Xobeh
Okawaru
Qazlal
Ru
Sif Muna
Trog
Uskayaw
Vehumet
Xom
Yredelemnul
Zin
The Shining One
Beogh
Jiyva

Shops:
D:4 *   D:7 ?   D:14 *   Orc:1 (   Orc:2 ((((:

Annotations:
Lair:5 exclusion: oklob plant
Shoals:1 exclusion: Roxanne, Roxanne
Shoals:3 exclusion: downstairs
Spider:1 exclusion: downstairs


Innate Abilities, Weirdness & Mutations

You are agile. (Dex +2)
You occasionally shout uncontrollably at your foes.


Message History

The manticore looks as sick as possible!
You kill the manticore!
Vehumet accepts your kill.
You feel your power returning.
You start resting.
You carefully extract the barbed spikes from your body.
You start resting.
A merfolk javelineer is nearby!
Casting: Poison Arrow
Confirm with . or Enter, or press ? or * to list all spells.
Aiming: Poison Arrow
Press: ? - help, Shift-Dir - straight line, f - merfolk javelineer
Aim: a merfolk javelineer, wielding a spear of piercing and wearing a leather armour (hasn't noticed you)
The poison arrow hits the merfolk javelineer.
The merfolk javelineer looks as sick as possible!
The merfolk javelineer is severely wounded.
The merfolk javelineer shouts!
The merfolk javelineer throws a poisoned javelin.
The poisoned javelin hits you!!
You die...

≈≈≈≈≈≈≈≈≈≈P≈PP≈PPP≈≈≈≈≈≈≈≈≈≈
≈≈≈≈≈≈≈...P≈PP≈≈PPP≈≈.≈≈≈≈≈≈
≈≈≈≈≈≈....P≈P≈.PP≈≈≈≈.≈≈≈≈≈≈
≈≈≈≈≈.##...PP..≈≈≈≈≈≈≈≈≈≈≈≈≈
≈≈≈≈≈.......≈..P≈P≈≈≈≈≈≈≈≈≈≈
≈≈≈≈≈≈..........≈≈≈..)..≈≈≈≈
≈≈≈≈≈≈≈≈≈....[≈≈≈≈≈.......≈≈
≈≈≈≈≈≈≈≈......≈≈≈≈≈.........
≈≈≈≈≈≈≈....@...≈≈≈≈.........
≈≈≈≈≈≈........≈≈≈≈.........
≈≈≈≈≈≈.....(...###.≈#....<.
≈≈≈≈≈≈≈..)†...## ####.....≈
≈≈≈≈≈≈≈..<.### ##.≈≈≈≈
≈≈≈≈≈≈≈....# ≈≈≈≈#
≈≈m≈≈≈)[..# ≈≈≈≈≈
≈≈≈≈≈≈....# ≈≈≈≈#
≈≈≈≈.....≈#


You could see a merfolk javelineer.

Vanquished Creatures
  Nikola (Shoals:3)
  Rupert (Orc:2)
  2 krakens (Shoals:1)
  Gastronok (D:10)
  Polyphemus (Shoals:3)
  Kirke (Lair:4)
  Ilsuiw (Shoals:4)
  The ghost of jotwebe the Earth Mage, an adept GrEE of Wu Jian (Shoals:4)
  Louise (Spider:2)
  4 entropy weavers (Spider:3)
  Azrael (Spider:2)
  A dire elephant (Lair:6)
  2 merfolk javelineers
  4 merfolk impalers
  Josephine (Orc:2)
  3 hydras
  5 merfolk avatars
  Erica (D:8)
  2 merfolk aquamancers
  4 centaur warriors
  2 dancing weapons (D:14)
  3 catoblepae
  17 death yaks
  6 two-headed ogres
  2 satyrs
  The ghost of Execuda the Geomancer, a novice GrEE of Vehumet (D:9)
  An unseen horror (D:13)
  6 sea snakes
  11 wolf spider zombies (Spider:1)
  Pikel (D:6)
  7 harpies
  7 orc knights
  A wizard (D:10)
  A necromancer (Spider:1)
  18 fauns
  18 orb spiders
  30 wolf spiders
  2 ugly things
  An orc sorcerer (Orc:1)
  2 cyclopes
  8 manticores
  2 moths of wrath
  5 black mambas
  12 elephants (Lair:6)
  An eye of devastation (Lair:5)
  7 water nymphs
  9 merfolk sirens
  A spiny frog (shapeshifter) (D:13)
  A torpor snail (Spider:3)
  14 spiny frogs
  8 rime drakes
  9 demonic crawlers
  8 komodo dragons
  11 redback zombies (Spider:1)
  5 polar bears (Lair:6)
  4 trolls
  31 jumping spiders
  16 merfolk
  3 meliai (D:14)
  A tengu conjurer (D:13)
  5 tarantella zombies (Spider:1)
  5 hornets
  4 wind drakes
  20 blink frogs
  3 snapping turtles
  16 hippogriffs
  10 slime creatures
  90 redbacks
  A shadow (D:13)
  35 tarantellas
  18 yaks
  9 water elementals
  3 hungry ghosts
  7 wraiths
  3 wyverns
  A human (Lair:4)
  A basilisk (Lair:6)
  2 fire elementals (Spider:2)
  3 hogs (Lair:4)
  A steam dragon (D:9)
  2 vampire mosquitoes (D:13)
  19 wargs
  A soldier ant (D:13)
  2 acid dragons
  11 water moccasins
  Duvessa (D:6)
  6 hell hounds (Spider:2)
  4 porcupines
  6 ice beasts
  3 black bears
  A necrophage (D:6)
  56 orc warriors
  A sky beast (D:10)
  2 phantoms
  28 wolves
  34 centaurs
  17 crocodiles
  The ghost of Mulkerokala the Insei, an amateur HuTm (D:3)
  20 ogres
  2 big kobolds
  15 bullfrogs
  3 wyvern zombies
  2 gnoll sergeants
  A water moccasin zombie (D:8)
  Dowan (D:6)
  A scorpion (shapeshifter) (D:13)
  5 scorpions
  13 killer bees
  5 wights
  2 jellies
  5 electric eels
  A howler monkey (D:9)
  5 crimson imps
  A quasit (D:9)
  5 centaur zombies
  8 hounds
  20 orc wizards
  7 centaur skeletons
  31 orc priests
  Crazy Yiuf (D:2)
  4 bullfrog skeletons
  Jessica (D:3)
  4 iguanas
  11 worker ants
  2 hound skeletons
  A mummy (D:11)
  A worker ant zombie (D:11)
  Robin (D:2)
  10 gnolls
  13 adders
  4 shadow imps
  3 oozes
  An adder skeleton (D:6)
  2 dart slugs (D:2)
  8 leopard geckos
  161 orcs
  A ball python (D:3)
  14 bats
  5 giant cockroaches
  18 goblins
  8 hobgoblins
  15 jackals
  5 quokkas
  6 frilled lizards
  7 kobolds
  A leopard gecko skeleton (D:5)
  2 quokka skeletons
  A quokka zombie (D:8)
  5 rats
  3 fungi
  2 plants
  3 tentacles (Shoals:1)
1240 creatures vanquished.

Vanquished Creatures (others)
  A slave (D:6)
  An ice beast (D:6)
  A centaur (D:6)
  A shadow imp (D:6)
  An ooze (D:6)
  A bush (Lair:6)
  19 fungi
  19 plants
  5 tentacles (Shoals:1)
49 creatures vanquished.

Grand Total: 1289 creatures vanquished

Notes
Turn   | Place    | Note
-------+----------+-------------------------------------------
     0 | D:1      | Kriby the Deep Elf Conjurer began the quest for the Orb.
     0 | D:1      | Reached XP level 1. HP: 10/10 MP: 6/6
   148 | D:1      | Reached XP level 2. HP: 14/15 MP: 4/8
   977 | D:1      | Learned a level 2 spell: Searing Ray
   979 | D:1      | Reached skill level 4 in Spellcasting
   979 | D:1      | Reached XP level 3. HP: 19/19 MP: 2/10
  1127 | D:1      | Reached skill level 5 in Conjurations
  1459 | D:2      | Noticed Robin
  1682 | D:2      | Reached XP level 4. HP: 24/24 MP: 9/12
  1691 | D:2      | Learned a level 4 spell: Iskenderun's Mystic Blast
  1867 | D:2      | Found a runed door.
  1986 | D:2      | Killed Robin
  1986 | D:2      | Reached skill level 5 in Spellcasting
  2760 | D:2      | Noticed Crazy Yiuf
  2764 | D:2      | Killed Crazy Yiuf
  2764 | D:2      | Reached XP level 5. HP: 28/28 MP: 10/15
  2967 | D:3      | Noticed Jessica
  2975 | D:3      | Killed Jessica
  2975 | D:3      | Reached skill level 6 in Spellcasting
  3221 | D:3      | Learned a level 5 spell: Iskenderun's Battlesphere
  3263 | D:3      | Reached skill level 1 in Charms
  3507 | D:3      | Noticed Mulkerokala's ghost (amateur HuTm)
  3531 | D:3      | Killed Mulkerokala's ghost
  3531 | D:3      | Reached XP level 6. HP: 32/32 MP: 8/17
  3887 | D:4      | Gained mutation: You have a somewhat thin skeletal structure. (Dex +2, Stealth) [potion of beneficial mutation]
  3969 | D:4      | Found Zin's Purification Station.
  3971 | D:4      | Found a glowing silver altar of Zin.
  4085 | D:4      | Reached skill level 7 in Spellcasting
  4245 | D:4      | Reached skill level 5 in Charms
  4245 | D:4      | Reached XP level 7. HP: 36/36 MP: 13/19
  4347 | D:4      | Found a staircase to the Ecumenical Temple.
  4366 | Temple   | Entered the Ecumenical Temple
  4619 | Temple   | Became a worshipper of Vehumet
  5158 | D:4      | Reached skill level 8 in Spellcasting
  5164 | D:4      | Reached XP level 8. HP: 41/41 MP: 6/22
  5586 | D:4      | Upgraded the game from 0.20-a0-522-g0b37eee to 0.20-a0-539-g174d061
  5612 | D:5      | Entered Level 5 of the Dungeon
  5615 | D:5      | Reached * piety under Vehumet
  5615 | D:5      | Offered knowledge of Freeze by Vehumet.
  5631 | D:5      | Found a deep blue altar of Sif Muna.
  5665 | D:5      | Reached skill level 9 in Spellcasting
  5746 | D:5      | Found an iron altar of Okawaru.
  6077 | D:5      | Reached skill level 10 in Spellcasting
  6540 | D:6      | Gained mutation: You are resistant to hostile enchantments. (MR+) [potion of mutation]
  6540 | D:6      | Gained mutation: You are occasionally teleported next to monsters. [potion of mutation]
  6540 | D:6      | Gained mutation: You have sharp fingernails. [potion of mutation]
  6552 | D:6      | Reached XP level 9. HP: 45/45 MP: 8/25
  6731 | D:6      | Noticed Pikel
  6733 | D:6      | Killed Pikel
  6733 | D:6      | Reached skill level 11 in Spellcasting
  6941 | D:6      | Found a shadowy altar of Dithmenos.
  7162 | D:6      | Noticed Dowan
  7169 | D:6      | Noticed Duvessa
  7169 | D:6      | Killed Dowan
  7173 | D:6      | Killed Duvessa
  7173 | D:6      | Reached skill level 12 in Spellcasting
  7736 | D:7      | Reached ** piety under Vehumet
  7908 | D:7      | Offered knowledge of Throw Flame by Vehumet.
  8271 | D:7      | Reached skill level 13 in Spellcasting
  8469 | D:7      | Found Boen's Magic Scroll Shop.
  8480 | D:7      | Bought a scroll of teleportation for 45 gold pieces
  8807 | D:7      | Reached XP level 10. HP: 38/50 MP: 16/29
  9052 | D:8      | Offered knowledge of Ignite Poison by Vehumet.
  9306 | D:8      | Reached skill level 10 in Conjurations
  9340 | D:8      | Reached skill level 14 in Spellcasting
  9398 | D:8      | Noticed Erica
  9425 | D:8      | Killed Erica
  9425 | D:8      | Reached *** piety under Vehumet
  9557 | D:8      | Found a staircase to the Lair.
  9816 | D:8      | Noticed a two-headed ogre
  9872 | D:8      | Killed a two-headed ogre
  9872 | D:8      | Reached skill level 15 in Spellcasting
 10432 | D:9      | Noticed Execuda's ghost (novice GrEE)
 10900 | D:9      | Noticed a two-headed ogre
 10908 | D:9      | Killed a two-headed ogre
 10908 | D:9      | Reached skill level 16 in Spellcasting
 10908 | D:9      | Reached XP level 11. HP: 54/54 MP: 22/33
 11013 | D:9      | Found a staircase to the Orcish Mines.
 11035 | D:9      | Offered knowledge of Olgreb's Toxic Radiance by Vehumet.
 11039 | D:9      | Learned a level 2 spell: Repel Missiles
 11045 | D:9      | Learned a level 4 spell: Olgreb's Toxic Radiance
 11766 | D:9      | Killed Execuda's ghost
 11938 | D:10     | Entered Level 10 of the Dungeon
 11938 | D:10     | Noticed Gastronok
 11938 | D:10     | Noticed a two-headed ogre
 11966 | D:9      | Noticed a two-headed ogre
 11970 | D:9      | Killed a two-headed ogre
 12011 | D:10     | Noticed a wizard
 12011 | D:10     | Noticed a purple ugly thing
 12014 | D:10     | Killed a wizard
 12026 | D:9      | Killed a purple ugly thing
 12058 | D:9      | Reached skill level 17 in Spellcasting
 12329 | D:9      | Reached **** piety under Vehumet
 12369 | D:10     | Killed a two-headed ogre
 12525 | D:10     | Killed Gastronok
 12697 | D:10     | Offered knowledge of Lightning Bolt by Vehumet.
 12849 | D:10     | Reached skill level 18 in Spellcasting
 13043 | D:10     | Noticed an orc knight
 13094 | D:10     | Killed an orc knight
 13364 | D:10     | Reached ***** piety under Vehumet
 13471 | D:10     | Offered knowledge of Bolt of Cold by Vehumet.
 13615 | D:10     | Reached XP level 12. HP: 53/59 MP: 18/36
 15225 | Lair:1   | Entered Level 1 of the Lair of Beasts
 16055 | Lair:2   | Reached skill level 19 in Spellcasting
 16232 | Lair:2   | Found a hole to the Spider Nest.
 17098 | Lair:3   | Offered knowledge of Sticky Flame by Vehumet.
 17166 | Lair:3   | Found a staircase to the Shoals.
 17581 | Lair:3   | Noticed a four-headed hydra
 17586 | Lair:3   | Noticed a four-headed hydra
 17587 | Lair:3   | Killed a four-headed hydra
 17587 | Lair:3   | Reached skill level 20 in Spellcasting
 17593 | Lair:3   | Killed a four-headed hydra
 17752 | Lair:3   | Reached skill level 5 in Fighting
 17752 | Lair:3   | Reached XP level 13. HP: 73/73 MP: 39/39
 18175 | Lair:4   | Noticed Kirke
 18181 | Lair:4   | Killed Kirke
 18181 | Lair:4   | Reached skill level 5 in Dodging
 18181 | Lair:4   | Reached XP level 14. HP: 79/79 MP: 23/40
 19584 | Lair:5   | Found a viscous altar of Jiyva.
 19585 | Lair:5   | Found a staircase to the Slime Pits.
 20290 | Lair:6   | Entered Level 6 of the Lair of Beasts
 20298 | Lair:6   | Offered knowledge of Irradiate by Vehumet.
 20305 | Lair:6   | Reached skill level 10 in Dodging
 21266 | Lair:6   | Learned a level 2 spell: Blink
 22288 | Lair:6   | Reached XP level 15. HP: 60/88 MP: 8/41
 22502 | Lair:6   | Reached skill level 21 in Spellcasting
 22746 | Lair:6   | Reached skill level 15 in Conjurations
 23831 | Orc:1    | Entered Level 1 of the Orcish Mines
 24028 | Orc:1    | Found Impey's Weapon Boutique.
 24803 | Orc:2    | Entered Level 2 of the Orcish Mines
 24805 | Orc:2    | Noticed Josephine
 24808 | Orc:2    | Offered knowledge of Bolt of Draining by Vehumet.
 24809 | Orc:2    | Killed Josephine
 24809 | Orc:2    | Reached skill level 1 in Armour
 25245 | Orc:2    | Noticed Rupert
 25249 | Orc:2    | Killed Rupert
 25614 | Orc:2    | Found a staircase to the Elven Halls.
 26804 | Orc:2    | Reached skill level 5 in Armour
 26914 | Orc:2    | Found Ydatsu's Book Emporium.
 26938 | Orc:2    | Found a roughly hewn altar of Beogh.
 27398 | Orc:2    | Found Hairuzur's Weapon Shoppe.
 27398 | Orc:2    | Found Xazoedil's Weapon Boutique.
 27400 | Orc:2    | Found Wuamay's Weapon Shop.
 27402 | Orc:2    | Found Ummi's Weapon Emporium.
 27452 | Orc:2    | Bought a manual of Dodging for 1987 gold pieces
 28190 | D:11     | Reached ****** piety under Vehumet
 29423 | D:12     | Offered knowledge of Poison Arrow by Vehumet.
 30124 | D:11     | Reached skill level 1 in Shields
 30894 | D:13     | Learned a level 6 spell: Poison Arrow
 31679 | D:13     | Found a roughly hewn altar of Beogh.
 31777 | D:13     | Offered knowledge of Delayed Fireball by Vehumet.
 32664 | D:13     | Upgraded the game from 0.20-a0-539-g174d061 to 0.20-a0-736-gd3249da
 32939 | D:14     | Found Gippeul's General Store.
 33014 | D:14     | Reached XP level 16. HP: 92/92 MP: 30/43
 33117 | D:14     | Reached skill level 15 in Dodging
 33306 | D:14     | Learned a level 2 spell: Swiftness
 33746 | D:14     | Found a gate to the Vaults.
 33822 | D:14     | Found an opulent altar of Gozag.
 33825 | D:14     | Lost mutation: You are resistant to hostile enchantments. (MR+) [potion of mutation]
 33825 | D:14     | Lost mutation: You have sharp fingernails. [potion of mutation]
 33825 | D:14     | Lost mutation: You have a somewhat thin skeletal structure. (Dex +2, Stealth) [potion of mutation]
 33825 | D:14     | Lost mutation: You are occasionally teleported next to monsters. [potion of mutation]
 33825 | D:14     | Gained mutation: You occasionally shout uncontrollably at your foes. [potion of mutation]
 33825 | D:14     | Gained mutation: You are agile. (Dex +2) [potion of mutation]
 34057 | Spider:1 | Entered Level 1 of the Spider Nest
 35330 | Spider:2 | Reached skill level 1 in Poison Magic
 35602 | Spider:2 | Noticed Louise
 35606 | Spider:2 | Killed Louise
 35834 | Spider:2 | Noticed Azrael
 36081 | Spider:1 | Offered knowledge of Iron Shot by Vehumet.
 36086 | Spider:1 | Reached skill level 5 in Poison Magic
 36225 | Spider:1 | Learned a level 6 spell: Iron Shot
 37318 | Spider:1 | Upgraded the game from 0.20-a0-736-gd3249da to 0.20-a0-766-g52e1353
 37437 | Spider:1 | Offered knowledge of Lehudib's Crystal Spear by Vehumet.
 37437 | Spider:1 | Offered knowledge of Fire Storm by Vehumet.
 37437 | Spider:1 | Offered knowledge of Chain Lightning by Vehumet.
 37564 | Spider:1 | Learned a level 9 spell: Fire Storm
 37660 | Spider:2 | Reached skill level 1 in Fire Magic
 38068 | Spider:2 | Killed Azrael
 38279 | Spider:3 | Reached skill level 5 in Fire Magic
 38287 | Spider:3 | Reached XP level 17. HP: 62/97 MP: 24/44
 39527 | Spider:4 | Entered Level 4 of the Spider Nest
 40138 | Spider:4 | Reached skill level 10 in Fire Magic
 41139 | Shoals:1 | Entered Level 1 of the Shoals
 41282 | Shoals:1 | Noticed Roxanne
 41793 | Shoals:1 | Found an iron altar of Okawaru.
 41798 | Shoals:1 | Noticed a kraken
 41815 | Shoals:1 | Killed a kraken
 42550 | Shoals:1 | Noticed a kraken
 42555 | Shoals:1 | Killed a kraken
 43344 | Shoals:2 | Found a radiant altar of Vehumet.
 44123 | Shoals:3 | Noticed Nikola
 44128 | Shoals:3 | Killed Nikola
 44128 | Shoals:3 | Reached XP level 18. HP: 102/102 MP: 24/45
 44320 | Shoals:3 | Noticed Polyphemus
 44488 | Shoals:3 | Killed Polyphemus
 44642 | Shoals:3 | Reached skill level 15 in Fire Magic
 45513 | Shoals:4 | Entered Level 4 of the Shoals
 45513 | Shoals:4 | Noticed Ilsuiw
 45520 | Shoals:3 | HP: 1/102 [merfolk aquamancer/torrent of water (28)]
 45653 | Shoals:3 | Upgraded the game from 0.20-a0-766-g52e1353 to 0.20-a0-772-g73021bd
 45676 | Shoals:4 | Noticed jotwebe's ghost (adept GrEE)
 45685 | Shoals:4 | Killed jotwebe's ghost
 45879 | Shoals:4 | Killed Ilsuiw
 46027 | Shoals:4 | Hit by a poisoned javelin thrown by a merfolk javelineer

Vault maps used:
D:1:      saegor_arrival_simple_c
D:2:      uniq_crazy_yiuf_cottage, uniq_robin
D:3:      uniq_jessica
D:4:      zin_purify, minmay_temple_entry_overgrown, minmay_joined_circles
D:5:      grunt_temple_overflow_open, first_bread
D:6:      nicolae_dithmenos_the_darkroom, uniq_prince_ribbit1, uniq_pikel,
          uniq_duvessa
D:7:      serial_shops, shop, grunt_ministairs_6
D:8:      grunt_lair_entry_orc_guard_hut, blue_anna_alchemist,
          nrook_loot_triangle, uniq_erica
D:9:      minmay_goldmine, david_orc_1_choice, grunt_ministairs_12
D:10:     lemuel_castle_with_subvaults, minmay_orc_keep, uniq_gastronok
D:11:     serial_undead, serial_undead_c, serial_undead_e, serial_undead_d,
          serial_undead_c
D:12:     nrook_pool_corridor
D:13:     special_room, grunt_ministairs_9
D:14:     erik_vaults_1, serial_shops, nicolae_shop_statue_plus,
          lemuel_coloured_pillars_altar
Temple:   dpeg_five_rooms_temple
Lair:1:   serial_bayou, serial_bayou_pond_d, serial_bayou_pond_a,
          serial_bayou_pond_d, serial_bayou_lagoon_b, serial_bayou_shore_b,
          serial_bayou_lake_a
Lair:2:   spider_nest_entry_rubble
Lair:3:   minmay_shoals_entry_centaurs, eino_small_chamber_without_monster
Lair:4:   uniq_kirke
Lair:5:   slime_altar_1, nicolae_lair_grove_arrangements, lemuel_fruit_tree,
          infiniplex_staircase_pool
Lair:6:   gammafunk_lair_ancient_temple, grunt_forest_large_clearings
Shoals:1: wheals_shoals_ruined_temple, uniq_roxanne
Shoals:2: lemuel_centaur_altar
Shoals:3: uniq_polyphemus, uniq_nikola
Shoals:4: shoals_end_grunt_ice, shoal_ilsuiw, serial_shops, shop,
          nicolae_shoals_this_corrosion
Spider:1: lemuel_spider_zombies
Spider:2: uniq_louise, uniq_azrael
Spider:3: spider_trap, guppyfry_spider_mini_1
Spider:4: spider_rune_water, spider_trap, hangedman_spider_tarantella_strand
Orc:1:    serial_shops, shop
Orc:2:    st_orc_rangers, serial_shops, shop, minmay_orc_temple_a, uniq_rupert,
          uniq_josephine

Skill      XL: |  1  2  3  4  5  6  7  8  9 10 11 12 13 14 15 16 17 18 |
---------------+-------------------------------------------------------+-----
Spellcasting   | 4 5 6 7 8 10 13 16 18 20 21 | 21.5
Conjurations   | 5 6 7 8 9 11 12 13 14 15 | 15.3
Charms         | 2 5 7 8 |  8.0
Dodging        | 3 5 11 14 17 | 17.3
Fighting       | 5 7 |  7.6
Armour         | 5 |  5.2
Shields        | 4 |  4.3
Poison Magic   | 9 |  9.2
Fire Magic     | 6 14 15 | 15.9
Stealth        | |  2.5

Action                   |  1- 3 |  4- 6 |  7- 9 | 10-12 | 13-15 | 16-18 || total
-------------------------+-------+-------+-------+-------+-------+-------++-------
Melee: Quarterstaff      |       |     3 |       |       |       |       ||     3
       Rapier            |       |       |     1 |       |       |    26 ||    27
       Morningstar       |       |       |       |       |       |    17 ||    17
 Cast: Magic Dart        |    71 |    86 |   186 |   361 |   112 |    17 ||   833
       Searing Ray       |     2 |     9 |    10 |     1 |     4 |       ||    26
       Iskenderun's Myst |       |     8 |     5 |   100 |   554 |    81 ||   748
       Iskenderun's Batt |       |     1 |    42 |   106 |   167 |    17 ||   333
       Repel Missiles    |       |       |       |     1 |       |       ||     1
       Olgreb's Toxic Ra |       |       |       |    15 |    14 |    74 ||   103
       Poison Arrow      |       |       |       |       |    12 |   427 ||   439
       Blink             |       |       |       |       |     3 |     1 ||     4
       Iron Shot         |       |       |       |       |       |    26 ||    26
Evoke: Wand              |       |       |       |     2 |     9 |    21 ||    32
  Use: Potion            |       |    10 |     2 |     4 |     6 |    13 ||    35
       Scroll            |       |     9 |     2 |    10 |    15 |    13 ||    49
  Eat: Chunk             |     2 |     9 |    20 |    22 |    38 |    20 ||   111
       Royal jelly       |       |       |       |     1 |     3 |       ||     4
       Meat ration       |       |       |       |     1 |       |       ||     1
       Fruit             |       |       |       |       |     2 |    24 ||    26
Armor: Robe              |     1 |    12 |     8 |    22 |    25 |    81 ||   149
       Skin              |       |     2 |       |       |       |       ||     2
       Troll leather arm |       |       |       |       |     6 |       ||     6
Dodge: Dodged            |    11 |    29 |    22 |    72 |   220 |   359 ||   713
       Deflected         |       |       |       |     1 |    21 |       ||    22
Block: Buckler           |       |       |       |       |     3 |    81 ||    84
       Rpst.: Long sword |       |       |     2 |       |       |       ||     2
